 Dungeon Crawl Stone Soup version 0.18.1-48-g4cf74bf (webtiles) character file.

12824 nikopol the Spear-Bearer (level 11, 0/150 HPs)
             Began as a Minotaur Berserker on July 25, 2016.
             Was a High Priest of Trog.
             Incinerated by a mottled dragon (1 damage)
             ... with a sticky flame
             ... on level 14 of the Dungeon.
             The game lasted 00:32:48 (11220 turns).

nikopol the Spear-Bearer (Minotaur Berserker)      Turns: 11220, Time: 00:32:49

Health: 0/150      AC: 22    Str: 29    XL:     11   Next: 67%
Magic:  10/10      EV: 12    Int:  4    God:    Trog [*****.]
Gold:   700        SH:  0    Dex: 13    Spells: 0 memorised, 10 levels left

rFire  . . .     SeeInvis .     x - +3 glaive (chop)
rCold  + . .     Gourm    +     e - +1 plate armour {rC+}
rNeg   . . .     Faith    .     (shield currently unavailable)
rPois  +         Spirit   .     (helmet restricted)
rElec  .         Dismiss  .     h - +0 cloak
rCorr  .         Reflect  .     Z - +0 pair of gloves
SustAt .         Harm     .     w - +2 pair of boots
MR     .....                    y - amulet of the gourmand
Stlth  ..........               X - ring of poison resistance
                                M - +2 ring of strength

@: berserking, liquid flames, glowing, very quick, not resistant to hostile
enchantments, extremely unstealthy
A: retaliatory headbutt, horns 2
a: Berserk, Trog's Hand, Brothers in Arms, Burn Spellbooks, Renounce Religion


You were on level 14 of the Dungeon.
You worshipped Trog.
Trog was extremely pleased with you.
You were completely stuffed.

You visited 1 branch of the dungeon, and saw 12 of its levels.
You also visited: Sewer.

You collected 700 gold pieces.

Inventory:

Hand Weapons
 c - a +4 longbow of evasion
 x - a +3 glaive of chopping (weapon)
 U - the +7 spear "Fanoc" {flame, *Corrode Str+5 Dex-3 SInv}
   (You found it on level 11 of the Dungeon)

   It has been specially enchanted to burn those struck by it, causing extra
   injury to most foes and up to half again as much damage against particularly
   susceptible opponents.
   It affects your strength (+5).
   It affects your dexterity (-3).
   It lets you see invisible.
   It may corrode you when you take damage.
Missiles
 B - 168 arrows (quivered)
Armour
 e - a +1 plate armour of cold resistance (worn)
 f - a +1 ring mail of fire resistance
 h - a +0 cloak (worn)
 w - a +2 pair of boots (worn)
 G - a +3 leather armour of cold resistance
 Z - a +0 pair of gloves (worn)
Jewellery
 y - an amulet of the gourmand (around neck)
 M - a +2 ring of strength (left hand)
 N - a +2 amulet of reflection
 X - a ring of poison resistance (right hand)
Wands
 g - a wand of disintegration (8/24)
 P - a wand of digging (5/24)
Scrolls
 a - 4 scrolls of blinking
 k - 3 scrolls of enchant weapon {unknown}
 r - 2 scrolls of vulnerability {unknown}
 s - 3 scrolls of fog
 u - a scroll of random uselessness {unknown}
 D - 3 scrolls of teleportation
 I - a scroll of amnesia {unknown}
 J - 5 scrolls of remove curse
 K - 2 scrolls of noise {unknown}
 S - 2 scrolls of immolation {unknown}
 V - a scroll of enchant armour {unknown}
 Y - a scroll of silence {unknown}
Potions
 b - a potion of resistance {unknown}
 d - 4 potions of brilliance
 j - 4 potions of might
 m - 8 potions of curing
 n - 3 potions of heal wounds
 o - 2 potions of lignification
 p - 3 potions of agility
 q - a potion of flight
 t - a potion of cancellation
 z - a potion of invisibility
 H - a potion of magic {unknown}
Comestibles
 i - 2 royal jellies
 l - 7 fruits
 v - 4 beef jerkies
 A - 4 meat rations
 Q - 10 slices of pizza
 R - 10 bread rations


   Skills:
 + Level 10.2 Fighting
 * Level 12.3 Polearms
 * Level 7.0 Bows
 + Level 10.6 Armour
 + Level 9.6 Dodging


You had 10 spell levels left.
You didn't know any spells.

Dungeon Overview and Level Annotations

Branches:
Dungeon (11/15)            Temple (0/1) D:6            Lair (0/8) D:11
    Orc: D:9-12

Altars:
Cheibriados
Dithmenos
Elyvilon
Fedhas
Gozag
Nemelex Xobeh
Okawaru
Pakellas
Qazlal
Trog
Vehumet
Xom
Yredelemnul
Zin

Shops:
D:4 =

Annotations:
D:6 exclusion: statue


Innate Abilities, Weirdness & Mutations

You reflexively headbutt those who attack you in melee.
You have a pair of horns on your head.


Message History

The centaur warrior hits you but does no damage.
You slice the centaur warrior!!
You kill the centaur warrior!
Trog accepts your kill.
Your Bows skill increases to level 7!
You are covered in liquid flames!
* * * LOW HITPOINT WARNING * * *
The mottled dragon breathes sticky fire at you.
The sticky flame hits you!
You are covered in liquid flames!
You closely miss the mottled dragon.
Your headbutt misses the mottled dragon.
You are covered in liquid flames!
* * * LOW HITPOINT WARNING * * *
The mottled dragon breathes sticky fire at you.
The sticky flame misses you.
You hit the mottled dragon. You headbutt the mottled dragon.
The mottled dragon is moderately wounded.
You are covered in liquid flames!
You die...

### # ##..###
..#
###!..(..#
....##.......
......).D.#
#....)@#
########


You could see a mottled dragon.

Vanquished Creatures
  2 centaur warriors (D:14)
  A tengu warrior (D:10)
  An unseen horror (D:10)
  3 hill giants (D:11)
  An ugly thing (D:11)
  Maurice (D:10)
  A tengu conjurer (D:10)
  A two-headed ogre (D:11)
  A wraith (D:10)
  A human (D:7)
  3 yaks (D:11)
  Grum (D:10)
  3 hungry ghosts
  3 hippogriffs
  A mottled dragon (D:11)
  The ghost of Heedrag the Thaumaturge, an amateur DECj (Sewer)
  Duvessa (D:6)
  A sky beast (D:11)
  5 orc warriors
  4 ice beasts
  2 phantoms
  3 centaurs
  4 wolves (D:10)
  7 ogres
  Blork the orc (D:6)
  3 big kobolds
  7 giant frogs
  A water moccasin zombie (D:5)
  A wyvern skeleton (D:6)
  A scorpion (D:4)
  Dowan (D:6)
  14 killer bees
  3 wights (D:6)
  A howler monkey (D:6)
  A centaur zombie (D:5)
  7 crimson imps
  A jelly (D:5)
  3 hounds
  A giant frog skeleton (D:7)
  7 orc priests
  12 orc wizards
  Ijyb (D:2)
  Terence (D:3)
  2 iguanas
  11 worker ants
  2 killer bee zombies
  4 sheep (D:7)
  A hound zombie (D:11)
  A hound skeleton (D:4)
  2 worker ant zombies
  2 howler monkey skeletons
  14 adders
  4 river rats (Sewer)
  3 shadow imps
  2 oozes
  4 adder skeletons
  An adder zombie (D:6)
  5 worms
  3 dart slugs
  8 giant geckos
  52 orcs
  13 bats
  10 giant cockroaches
  15 goblins
  6 hobgoblins
  5 jackals
  34 kobolds
  2 quokkas
  7 ball pythons
  2 giant gecko skeletons
  5 giant newts
  33 rats
  5 fungi (D:11)
377 creatures vanquished.

Vanquished Creatures (others)
  3 fungi (D:11)
  5 toadstools (D:1)
8 creatures vanquished.

Grand Total: 385 creatures vanquished

Notes
Turn   | Place    | Note
--------------------------------------------------------------
     0 | D:1      | nikopol the Minotaur Berserker began the quest for the Orb.
     0 | D:1      | Reached XP level 1. HP: 19/19 MP: 0/0
   326 | D:1      | Reached XP level 2. HP: 27/27 MP: 1/1
   388 | D:1      | Reached skill level 4 in Polearms
   560 | D:1      | Reached XP level 3. HP: 33/33 MP: 2/2
   685 | D:1      | Reached ** piety under Trog
  1663 | D:2      | Noticed Ijyb
  1666 | D:2      | Reached XP level 4. HP: 38/40 MP: 3/3
  1682 | D:2      | Killed Ijyb
  1848 | D:2      | Found a basalt altar of Yredelemnul.
  1848 | D:2      | Found a sparkling altar of Nemelex Xobeh.
  2662 | D:3      | Found a blossoming altar of Fedhas.
  2689 | D:3      | Reached XP level 5. HP: 32/47 MP: 4/4
  2747 | D:3      | Noticed Terence
  2761 | D:3      | Killed Terence
  2819 | D:3      | Found a glowing drain.
  2844 | D:3      | Reached *** piety under Trog
  2854 | Sewer    | Entered a sewer
  3123 | Sewer    | Received a gift from Trog
  3134 | Sewer    | Reached skill level 5 in Polearms
  3170 | Sewer    | Reached XP level 6. HP: 22/53 MP: 5/5
  3235 | Sewer    | Noticed Heedrag's ghost (amateur DECj)
  3252 | Sewer    | Killed Heedrag's ghost
  3252 | Sewer    | Reached skill level 5 in Fighting
  3469 | Sewer    | Reached **** piety under Trog
  4345 | D:4      | Reached XP level 7. HP: 61/61 MP: 6/6
  4366 | D:4      | Reached skill level 6 in Polearms
  4366 | D:4      | Reached skill level 5 in Armour
  4464 | D:4      | Reached skill level 5 in Dodging
  4605 | D:4      | Found Nisut's Jewellery Boutique.
  4732 | D:4      | Reached ***** piety under Trog
  4733 | D:4      | Received a gift from Trog
  5055 | D:5      | Entered Level 5 of the Dungeon
  5165 | D:5      | Noticed a hippogriff
  5169 | D:5      | Killed a hippogriff
  5169 | D:5      | Reached XP level 8. HP: 65/71 MP: 7/7
  5262 | D:5      | Reached skill level 7 in Polearms
  5710 | D:5      | Found an iron altar of Okawaru.
  5746 | D:5      | Found an oddly glowing altar of Pakellas.
  6059 | D:6      | Found a staircase to the Ecumenical Temple.
  6133 | D:6      | Found a snail-covered altar of Cheibriados.
  6177 | D:6      | Reached skill level 8 in Polearms
  6188 | D:6      | Noticed Dowan
  6189 | D:6      | Noticed Duvessa
  6198 | D:6      | Killed Dowan
  6201 | D:6      | Killed Duvessa
  6201 | D:6      | Reached XP level 9. HP: 80/80 MP: 8/8
  6415 | D:6      | Noticed Blork the orc
  6426 | D:6      | Killed Blork the orc
  6450 | D:6      | Found a glowing silver altar of Zin.
  6486 | D:6      | Got a crude battleaxe
  6487 | D:6      | Identified the +4 battleaxe of Wyojaupsu {drain, rPois Str+4 Dex+2} (You found it on level 6 of the Dungeon)
  6727 | D:6      | Found a radiant altar of Vehumet.
  6954 | D:7      | You fall through a shaft for 2 floors!
  7052 | D:9      | Reached skill level 9 in Polearms
  7170 | D:9      | Received a gift from Trog
  7592 | D:10     | Entered Level 10 of the Dungeon
  7592 | D:10     | Noticed Maurice
  7604 | D:10     | Killed Maurice
  7604 | D:10     | Reached skill level 1 in Bows
  7604 | D:10     | Reached XP level 10. HP: 87/90 MP: 9/9
  7660 | D:10     | Reached skill level 10 in Polearms
  7836 | D:10     | Noticed Grum
  7854 | D:10     | Killed Grum
  8010 | D:10     | Killed an unseen horror
  8661 | D:7      | Reached skill level 11 in Polearms
  8777 | D:7      | Found a white marble altar of Elyvilon.
  8788 | D:7      | Found a shimmering altar of Xom.
  9112 | D:8      | Received a gift from Trog
  9279 | D:8      | Found a stormy altar of Qazlal.
  9361 | D:8      | Found a shadowy altar of Dithmenos.
  9366 | D:8      | Found an opulent altar of Gozag.
  9378 | D:8      | Found a bloodstained altar of Trog.
  9668 | D:10     | Noticed a tengu warrior
  9682 | D:10     | Killed a tengu warrior
  9682 | D:10     | Reached skill level 5 in Bows
  9689 | D:10     | Reached XP level 11. HP: 31/97 MP: 10/10
 10168 | D:10     | You fall through a shaft!
 10182 | D:11     | Reached skill level 10 in Armour
 10292 | D:11     | Got an encrusted spear
 10293 | D:11     | Identified the +7 spear "Fanoc" {flame, *Corrode Str+5 Dex-3 SInv} (You found it on level 11 of the Dungeon)
 10347 | D:11     | Found a staircase to the Lair.
 10362 | D:11     | Noticed a red ugly thing
 10382 | D:11     | Killed a red ugly thing
 10443 | D:11     | Received a gift from Trog
 10498 | D:11     | Noticed a hill giant
 10503 | D:11     | Killed a hill giant
 10950 | D:11     | Noticed a hill giant
 10956 | D:11     | Killed a hill giant
 10956 | D:11     | Reached skill level 10 in Fighting
 10956 | D:11     | Reached skill level 12 in Polearms
 10979 | D:11     | Noticed a hill giant
 10991 | D:11     | Killed a hill giant
 11207 | D:11     | You fall through a shaft for 3 floors!
 11207 | D:14     | Noticed a centaur warrior
 11207 | D:14     | Noticed a centaur warrior
 11215 | D:14     | Killed a centaur warrior
 11218 | D:14     | Killed a centaur warrior
 11218 | D:14     | HP: 4/150 [burnt (4)]
 11219 | D:14     | HP: 1/150 [burnt (3)]
 11220 | D:14     | Incinerated by a mottled dragon

Skill      XL: |  1  2  3  4  5  6  7  8  9 10 11 |
---------------+----------------------------------+-----
Polearms       | 4 5 6 8 9 11 12 | 12.3
Fighting       | 4 5 6 7 8 9 10 | 10.2
Armour         | 3 4 6 7 8 9 10 | 10.6
Dodging        | 3 4 5 6 8 9 |  9.6
Bows           | 1 5 7 |  7.0

Action                   |  1- 3 |  4- 6 |  7- 9 | 10-12 || total
-------------------------+-------+-------+-------+-------++-------
Melee: Spear             |   120 |    89 |    23 |       ||   232
       Headbutt          |    13 |    36 |    73 |    45 ||   167
       Trident           |       |   171 |   259 |       ||   430
       Glaive            |       |       |    82 |   249 ||   331
 Fire: Shortbow          |       |       |     4 |    55 ||    59
       Longbow           |       |       |       |    41 ||    41
Invok: Berserk           |       |     3 |     4 |     3 ||    10
       Trog's Hand       |       |     1 |       |     1 ||     2
  Use: Scroll            |     2 |     7 |     1 |     7 ||    17
       Potion            |     1 |       |       |     1 ||     2
 Stab: Sleeping          |     3 |     2 |       |       ||     5
  Eat: Chunk             |     2 |    11 |    27 |    21 ||    61
       Royal jelly       |       |       |     1 |       ||     1
Armor: Animal skin       |    16 |     9 |       |       ||    25
       Ring mail         |       |    47 |   113 |    80 ||   240
       Plate armour      |       |       |       |    37 ||    37
Dodge: Dodged            |    54 |   126 |   218 |   179 ||   577
